 Dungeon Crawl Stone Soup version 0.31.0-32-g396128a36d (webtiles) character file.

Game seed: 107791468488127268

10495 PaiMei the Artisan of Death (level 11, 0/87 HPs)
             Began as a Demonspawn Necromancer on Mar 28, 2024.
             Was a Priest of Kikubaaqudgha.
             Killed from afar by a catoblepas (4 damage)
             ... with a blast of calcifying dust
             ... on level 1 of the Lair of Beasts.
             The game lasted 00:26:42 (13499 turns).

PaiMei the Artisan of Death (DsNe)                 Turns: 13499, Time: 00:26:43

Health: 0/87       AC: 14    Str: 10    XL:     11   Next: 36%
Magic:  0/23       EV: 15    Int: 19    God:    Kikubaaqudgha [***...]
Gold:   557        SH:  0    Dex: 22    Spells: 3/27 levels left

rFire   + . .        T - +8 long sword of the Endless March {elec, Dex+3}
rCold   . . .        (no shield)
rNeg    . . .        D - +2 ring mail {rF+}
rPois   .            h - +0 helmet
rElec   .            p - +0 cloak
rCorr   .            n - +2 pair of gloves
SInv    .            (no boots)
Will    .....        d - amulet of regeneration
Stlth   ++           a - +6 ring of dexterity
HPRegen 1.14/turn    K - ring of wizardry
MPRegen 0.36/turn

%: guardian spirit, wizardry (x1)
@: very slightly contaminated
A: hooves 2, molten scales 1, foul stench 2, magic shield, magic regeneration
a: Renounce Religion, Unearth Wretches


You were on level 1 of the Lair of Beasts.
You worshipped Kikubaaqudgha.
Kikubaaqudgha was most pleased with you.
You visited 4 branches of the dungeon, and saw 13 of its levels.
You also visited: Bailey.

You collected 732 gold pieces.
You spent 175 gold pieces at shops.

Inventory:

Hand Weapons
 O - a +6 spear of venom
 T - the +8 long sword of the Endless March (weapon) {elec, Dex+3}
   (You found it on level 8 of the Dungeon)

   Dex+3:     It affects your dexterity (+3).
 U - a +2 shortbow of freezing
Missiles
 u - 10 poisoned darts
 V - 6 darts of dispersal (quivered)
Armour
 g - a scarf of resistance
 h - a +0 helmet (worn)
 n - a +2 pair of gloves (worn)
 p - a +0 cloak (worn)
 D - a +2 ring mail of fire resistance (worn)
 P - a +0 kite shield
Jewellery
 a - a +6 ring of dexterity (left hand)
 d - an amulet of regeneration (around neck)
 I - a ring of poison resistance
 K - a ring of wizardry (right hand)
 M - a +6 ring of dexterity
 X - a ring of poison resistance
Wands
 i - a wand of digging (4)
 v - a wand of flame (10)
 F - a wand of paralysis (7)
 N - a wand of light (13)
 Y - a wand of iceblast (5)
Scrolls
 e - 3 scrolls of revelation
 f - a scroll of vulnerability
 k - 2 scrolls of amnesia
 l - 3 scrolls of noise
 m - a scroll of blinking
 q - 2 scrolls of fog
 s - 4 scrolls of poison
 t - 2 scrolls of immolation {unknown}
 w - a scroll of enchant armour {unknown}
 y - a scroll of fear {unknown}
 C - 2 scrolls of enchant weapon
 G - 2 scrolls of teleportation
 J - 2 scrolls of torment
 W - a scroll of summoning {unknown}
Potions
 b - a potion of magic
 c - a potion of resistance
 j - 5 potions of ambrosia
 r - 2 potions of might
 x - a potion of invisibility
 z - 4 potions of curing
 A - 2 potions of attraction
 B - a potion of heal wounds {unknown}
 E - a potion of brilliance {unknown}
 L - a potion of experience {unknown}
 Q - 2 potions of enlightenment
 S - a potion of lignification {unknown}


   Skills:
 + Level 8.8 Fighting
 + Level 8.5 Dodging
 - Level 2.5 Stealth
 + Level 8.6 Spellcasting
 + Level 10.8 Necromancy


You had 3 spell levels left.
You knew the following spells:

 Your Spells              Type           Power      Damage    Failure   Level
a - Necrotise             Necr           100%       1d9       1%          1
b - Vampiric Draining     Necr           49%        2d9       1%          3
c - Animate Dead          Necr           49%        N/A       1%          4
d - Curse of Agony        Necr           49%        N/A       2%          5
e - Dispel Undead         Necr           49%        3d18      1%          4
f - Borgnjor's Vile Clut  Necr/Erth      14%        N/A       26%         5
g - Sublimation of Blood  Necr           49%        N/A       1%          2

Your spell library contained the following spells:

 Spells                   Type           Power      Damage    Failure   Level
 Kiss of Death            Conj/Necr      100%       2d13      1%          1
 Fugue of the Fallen      Necr           49%        N/A       1%          3
 Cigotuvi's Dreadful Rot  Necr/Alch/Air  42%        N/A       3%          2
 Magic Dart               Conj           32%        1d4       9%          1
 Blink                    Tloc           16%        N/A       14%         2
 Call Imp                 Summ           16%        N/A       14%         2
 Static Discharge         Conj/Air       16%        3-4/arc   14%         2
 Confusing Touch          Hex            8%         N/A       26%         3
 Martyr's Knell           Necr/Summ      28%        N/A       10%         4
 Death Channel            Necr           24%        N/A       16%         6
 Airstrike                Air            4%         2d(1-17)  63%         4
 Summon Lightning Spire   Summ/Air       8%         N/A       63%         4
 Infestation              Necr           24%        N/A       99%         8
 Haunt                    Necr/Summ      14%        N/A       100%        7


Dungeon Overview and Level Annotations

Branches:
Dungeon (10/15)            Temple (1/1) D:7            Lair (1/5) D:8
    Orc (1/2) D:9          Bailey (visited)

Altars:
Ashenzari
Cheibriados
Dithmenos
Fedhas
Gozag
Hepliaklqana
Kikubaaqudgha
Makhleb
Nemelex Xobeh
Okawaru
Qazlal
Ru
Sif Muna
Trog
Uskayaw
Vehumet
Wu Jian
Xom
Yredelemnul

Shops:
D:6 *?:

Annotations:
D:3 1 runed translucent door, tdove's ghost, amateur OpFi
D:5 3 runed translucent doors, seawaffle's ghost, novice GrHu
Temple 2 transporters


Innate Abilities, Weirdness & Mutations

You have hoof-like feet.
You are partially covered in molten scales. (AC +2)
You sometimes emit foul miasma when damaged in melee.
When hurt, damage is shared between your health and your magic reserves.
You regenerate magic rapidly.


Message History

The catoblepas looks even sicker.
The catoblepas gores you!
You hit the catoblepas but do no damage.
Lightning courses through the catoblepas!
You kick the catoblepas, but do no damage.
The catoblepas is heavily wounded.
The catoblepas is no longer moving slowly.
The catoblepas is engulfed in dark miasma.
The catoblepas looks even sicker.
The catoblepas breathes a plume of calcifying dust at you.
The blast of calcifying dust hits you but does no damage.
The cane toad misses you.
The catoblepas is engulfed in dark miasma.
The catoblepas looks as sick as possible!
The catoblepas gores you.
* * * LOW HITPOINT WARNING * * *
Casting: Curse of Agony (dangerous; 2% risk of failure)
Confirm with . or Enter, or press ? or * to list all spells.
Aiming: Vampiric Draining (safe; 1% risk of failure)
Press: ? - help, Shift-Dir - straight line, f/p - catoblepas
Aim: a catoblepas (foul pestilence, severely wounded, extremely poisoned)
You draw life force from the catoblepas!
You feel life coursing into your body. The cane toad stings you!
* * * LOW HITPOINT WARNING * * *
The catoblepas is engulfed in dark miasma.
The catoblepas looks as sick as possible!
The catoblepas gores you!
* * * LOW HITPOINT WARNING * * *
Casting: Vampiric Draining (safe; 1% risk of failure)
Confirm with . or Enter, or press ? or * to list all spells.
You don't have enough magic to cast this spell.
Okay, then.
Unknown command.
Unknown command.
Blink to where?
Press: ? - help, Dir - move target, p - catoblepas
As you read the scroll of blinking, it crumbles to dust.
The catoblepas breathes a plume of calcifying dust at you.
The blast of calcifying dust hits you.
You die...
Kikubaaqudgha rasps: "You have failed me!
Welcome... death!"

... ...# ....
#### ....#
....##..####.....
.................
..§§§§§§§Y.......
........§§F..^...
........§........
.......§.........
.......@.........
.......†.........
....##..#.##.....
.... #.##..#.....
... #. ..##.....
.. #. .. .. . #.


You could see a cane toad.

Vanquished Creatures
  A two-headed ogre (D:10)
  Pikel (D:8)
  Maurice (D:9)
  An unseen horror (D:10)
  2 gargoyles
  A kobold demonologist (D:10)
  A queen bee (D:10)
  9 yaks
  A vampire (D:10)
  A shadow (D:9)
  3 unseen horror simulacra (D:9)
  2 steam dragons
  2 acid dragons
  6 ice beasts
  A sky beast (D:7)
  4 orc warriors
  2 ogres (Orc:1)
  5 wolves
  2 centaurs
  2 bullfrogs
  A gnoll sergeant (D:7)
  8 wights
  31 killer bees
  2 electric eels (D:9)
  4 howler monkeys (D:9)
  3 bombardier beetles
  A jelly (D:6)
  7 orc priests
  5 hounds
  5 iguanas
  4 sleepcaps
  Jessica (D:2)
  3 gnoll boudas
  9 orc wizards
  16 gnolls
  8 adders
  4 white imps
  An ufetubus (D:9)
  A ribbon worm (D:2)
  2 dart slugs
  39 orcs
  8 endoplasms
  A giant cockroach (D:1)
  9 goblins
  5 hobgoblins
  2 jackals (D:1)
  18 kobolds
  5 quokkas
  9 ball pythons
  3 bats
  2 frilled lizards
  4 rats
269 creatures vanquished.

Vanquished Creatures (collateral kills)
  An orc priest (D:7)
  An adder (D:2)
  A goblin (D:3)
  A ball python (D:1)
  A bat (D:1)
5 creatures vanquished.

Vanquished Creatures (others)
  A yak (D:10)
  2 orc zombies (D:7)
  2 orcs (D:10)
5 creatures vanquished.

Grand Total: 279 creatures vanquished

Notes
Turn   | Place    | Note
-------+----------+-------------------------------------------
     0 | D:1      | PaiMei the Demonspawn Necromancer began the quest for the
                  | Orb.
     0 | D:1      | Reached XP level 1. HP: 13/13 MP: 3/3
   233 | D:1      | Gained mutation: You have large cloven feet. [demonic
                  | ancestry]
   233 | D:1      | Reached XP level 2. HP: 19/19 MP: 1/5
   597 | D:1      | Found a faded altar of an unknown god.
   985 | D:2      | Gained mutation: You regenerate magic rapidly. [demonic
                  | ancestry]
   985 | D:2      | Reached XP level 3. HP: 23/24 MP: 1/6
   989 | D:2      | Learned a level 3 spell: Vampiric Draining
  1078 | D:2      | Identified the +0 robe of Analysis {rC+ rCorr}
  1516 | D:2      | Gained mutation: You are partially covered in molten
                  | scales. (AC +2) [demonic ancestry]
  1516 | D:2      | Reached XP level 4. HP: 30/30 MP: 5/7
  1619 | D:2      | Noticed Jessica
  1626 | D:2      | Learned a level 4 spell: Animate Dead
  1631 | D:2      | Killed Jessica
  1632 | D:2      | Reached skill level 5 in Necromancy
  2059 | D:3      | Found an iron altar of Okawaru.
  2212 | D:3      | Found a runed translucent door.
  2405 | D:3      | Reached skill level 1 in Fighting
  2405 | D:3      | Reached XP level 5. HP: 37/37 MP: 2/9
  2881 | D:3      | Noticed tdove's ghost (amateur OpFi)
  3405 | D:4      | Gained mutation: You may rarely emit foul miasma when
                  | damaged in melee. [demonic ancestry]
  3405 | D:4      | Reached XP level 6. HP: 44/44 MP: 6/10
  4408 | D:5      | Entered Level 5 of the Dungeon
  4622 | D:5      | Noticed an ice beast
  4633 | D:5      | Killed an ice beast
  4634 | D:5      | Reached skill level 6 in Necromancy
  4634 | D:5      | Gained mutation: You have hoof-like feet. [demonic
                  | ancestry]
  4634 | D:5      | Reached XP level 7. HP: 51/51 MP: 1/12
  5113 | D:5      | Noticed seawaffle's ghost (novice GrHu)
  5114 | D:5      | Noticed a yak
  5222 | D:5      | Found a runed translucent gate.
  5223 | D:5      | Found a runed translucent gate.
  5299 | D:5      | Found a runed translucent gate.
  5637 | D:6      | Found Odghot's Magic Scroll Shop.
  5640 | D:6      | Bought a scroll of teleportation for 42 gold pieces
  5640 | D:6      | Bought a scroll of blinking for 105 gold pieces
  5655 | D:6      | Bought a scroll of identify for 28 gold pieces
  5757 | D:6      | Reached XP level 8. HP: 60/60 MP: 3/14
  6009 | D:6      | Found Daottei's Book Shoppe.
  6212 | D:6      | Reached skill level 7 in Necromancy
  6364 | D:6      | Found Soaneig's General Store.
  6594 | D:7      | Reached skill level 5 in Spellcasting
  6695 | D:7      | Reached skill level 5 in Dodging
  7553 | D:7      | Learned a level 4 spell: Dispel Undead
  7559 | D:7      | Learned a level 5 spell: Curse of Agony
  7582 | D:7      | Found a staircase to the Ecumenical Temple.
  7593 | Temple   | Found a transporter.
  7593 | Temple   | Found a transporter.
  7593 | Temple   | Found a transporter.
  7593 | Temple   | Found a transporter.
  7593 | Temple   | Entered the Ecumenical Temple
  7609 | Temple   | Became a worshipper of Kikubaaqudgha
  7659 | D:7      | Reached skill level 5 in Fighting
  8366 | D:7      | Gained mutation: When hurt, damage is shared between your
                  | health and your magic reserves. [demonic ancestry]
  8366 | D:7      | Reached XP level 9. HP: 57/62 MP: 7/17
  8499 | D:8      | Found a bloodstained altar of Trog.
  8556 | D:8      | Reached skill level 8 in Necromancy
  9220 | D:8      | Identified the +8 long sword of the Endless March {elec,
                  | Dex+3}
  9222 | D:8      | Found a staircase to the Lair.
  9266 | D:8      | Found a hazy altar of Hepliaklqana.
  9502 | D:8      | Noticed Pikel
  9509 | D:8      | Killed Pikel
  9819 | D:9      | Found a staircase to the Orcish Mines.
  9868 | D:9      | Found a shimmering blue altar of Sif Muna.
  9871 | D:9      | Found an ornate altar of the Wu Jian Council.
  9947 | D:9      | Reached * piety under Kikubaaqudgha
  9947 | D:9      | Received a gift from Kikubaaqudgha
  9948 | D:9      | Reached skill level 9 in Necromancy
  9993 | D:9      | Gained mutation: You sometimes emit foul miasma when
                  | damaged in melee. [demonic ancestry]
  9993 | D:9      | Reached XP level 10. HP: 77/77 MP: 1/20
 10003 | D:9      | Found a flagged portal.
 10062 | Bailey   | Entered a bailey
 10068 | Bailey   | Learned a level 2 spell: Sublimation of Blood
 10376 | Bailey   | Noticed an orc knight
 10813 | D:9      | Reached ** piety under Kikubaaqudgha
 10918 | D:9      | Noticed Maurice
 10923 | D:9      | Maurice stole a +6 spear of venom
 10926 | D:9      | Maurice stole a ring of poison resistance
 10928 | D:9      | Killed Maurice
 11286 | Orc:1    | Entered Level 1 of the Orcish Mines
 11362 | D:10     | Entered Level 10 of the Dungeon
 11424 | D:10     | Noticed a gargoyle
 11865 | D:10     | Reached skill level 10 in Necromancy
 12448 | D:9      | Killed a gargoyle
 12713 | D:10     | Reached *** piety under Kikubaaqudgha
 12713 | D:10     | Received a gift from Kikubaaqudgha
 12730 | D:10     | Learned a level 5 spell: Borgnjor's Vile Clutch
 12760 | D:10     | Reached XP level 11. HP: 86/86 MP: 20/23
 13138 | D:10     | Noticed a two-headed ogre
 13144 | D:10     | Killed a two-headed ogre
 13438 | Lair:1   | Entered Level 1 of the Lair of Beasts
 13438 | Lair:1   | Noticed a catoblepas
 13498 | Lair:1   | HP: 3/87 [catoblepas (12)]
 13499 | Lair:1   | Killed from afar by a catoblepas

Illustrated notes

Levels and vault maps discovered:
D:1:      dpeg_arrival_simpleton_c, layout_loops_ring,
          chequers_ecumenical_altar_twisty
D:2:      layout_rooms, kennysheep_minor_cross, minmay_puff, uniq_jessica
D:3:      wander_river, layout_loops_corners, mainiacjoe_overflow_paths,
          ebering_ghost_reflecting_pool
D:4:      layout_rooms, fountainhead
D:5:      layout_loops_ring, gammafunk_ghost_split
D:6:      layout_loops_cross, serial_shops,
          nicolae_shop_competitors_out_of_business, shop,
          nicolae_shop_real_fake_doors, hangedman_decor_points
D:7:      layout_cave_pools, minmay_temple_entry_gardened_gates,
          serial_library_hellmonk_big_corner, minmay_crossroads
D:8:      layout_cave_pools, nzn_hepliaklqana_mist_gate,
          lemuel_coloured_pillars_altar, fountainhead, uniq_pikel
D:9:      layout_gridville, nicolae_overflow_squiral, orc_david_3,
          enter_bailey_6, serial_ice, serial_ice_e, serial_ice_c, serial_ice_d,
          serial_ice_b, serial_ice_l, serial_ice_f, serial_ice_g, uniq_maurice
D:10:     layout_roguey [special_room_bee]
Temple:   hellmonk_temple_divided_pantheon
Lair:1:   layout_regular_city, serial_rivers, chequers_serial_rivers_marsh,
          chequers_serial_rivers_micro_e, chequers_serial_rivers_micro_a,
          chequers_serial_rivers_marsh, chequers_serial_rivers_room_b,
          grunt_megastairs_4, uniq_urug
Orc:1:    layout_caves, nicolae_orc_lost_temple

Skill      XL: |  1  2  3  4  5  6  7  8  9 10 |
---------------+-------------------------------+-----
Stealth        | 2 |  2.5
Dodging        | 2 3 4 5 6 8 |  8.5
Necromancy     | 5 6 7 9 10 | 10.8
Fighting       | 1 2 3 5 6 8 |  8.8
Spellcasting   | 3 4 5 6 8 |  8.6

Action                     |  1- 3 |  4- 6 |  7- 9 | 10-12 || total
---------------------------+-------+-------+-------+-------++-------
  Melee: Unarmed           |     4 |       |       |       ||     4
         Dagger            |    10 |     1 |       |       ||    11
         Short sword       |       |    23 |    94 |       ||   117
         Kick              |       |     9 |    44 |    33 ||    86
         Punch             |       |       |     1 |     2 ||     3
         Long sword        |       |       |    10 |   107 ||   117
         Spear             |       |       |    10 |       ||    10
   Cast: Necrotise         |    69 |   129 |   144 |    65 ||   407
         Vampiric Draining |       |    19 |    68 |    70 ||   157
         Animate Dead      |       |       |     1 |     1 ||     2
         Dispel Undead     |       |       |     4 |     4 ||     8
         Curse of Agony    |       |       |       |     5 ||     5
         Borgnjor's Vile C |       |       |       |     7 ||     7
    Use: Scroll            |       |       |     2 |    13 ||    15
   Stab: Sleeping          |       |       |       |     1 ||     1
 Armour: Robe              |    20 |    48 |     8 |       ||    76
         Ring mail         |       |       |   155 |   283 ||   438
  Dodge: Dodged            |    21 |    58 |   141 |   294 ||   514
